 Seeded DCSS version 0.27-a0-1154-gfdeffcb720 (webtiles) character file.

Game seed: 2605965801648031611 (custom seed)

184 donath the Insei (level 5, -3/41 HPs)
             Began as a Gnoll Transmuter on May 14, 2021.
             Was a Follower of Makhleb.
             Slain by an orange demon (6 damage)
             ... on level 1 of the Abyss.
             The game lasted 00:11:37 (4097 turns).

donath the Insei (Gnoll Transmuter)                 Turns: 4097, Time: 00:11:38

Health: -3/41      AC:  5    Str: 10    XL:     5   Next: 63%
Magic:  12/12      EV: 13    Int: 13    God:    Makhleb [*.....]
Gold:   310        SH:  0    Dex: 12    Spells: 9/14 levels left

rFire    + . .     SeeInvis .   a - +1 flail
rCold    . . .     Faith    .   (no shield)
rNeg     . . .     Spirit   .   s - +1 robe {rF+}
rPois    .         Reflect  .   (no helmet)
rElec    .         Harm     .   H - +0 cloak
rCorr    .         Rampage  .   (no gloves)
Will     .....                  x - +0 pair of boots
Stlth    ++........             (no amulet)
HPRegen  0.00/turn              (no ring)
MPRegen  0.13/turn              (no ring)

@: about to teleport, weak-willed, diseased
A: fangs 1, strong nose, distributed training
a: Renounce Religion


You were on level 1 of the Abyss.
You worshipped Makhleb.
Makhleb was aware of your devotion.
You visited 1 branch of the dungeon, and saw 4 of its levels.
You visited the Abyss 1 time.

You collected 310 gold pieces.

Inventory:

Hand Weapons
 a - a +1 flail (weapon)
 b - a +0 hunting sling
 G - a +1 dagger of venom
 I - a +0 trident
Missiles
 c - 68 arrows
 g - 9 poisoned darts (quivered)
 l - 130 stones
 n - 2 boomerangs
 o - 67 sling bullets
 C - 8 bolts
Armour
 e - a +0 leather armour
 f - a +0 ring mail
 s - a +1 robe of fire resistance (worn)
 t - a +0 kite shield
 x - a +0 pair of boots (worn)
 H - a +0 cloak (worn)
Wands
 u - a wand of flame (17)
Scrolls
 d - 6 scrolls of identify
 k - a scroll of amnesia {unknown}
 p - a scroll of brand weapon {unknown}
 q - a scroll of enchant weapon
 y - a scroll of holy word {unknown}
 z - a scroll of magic mapping {unknown}
 A - a scroll of fear {unknown}
 J - a scroll of enchant armour {unknown}
Potions
 h - a potion of heal wounds
 m - a potion of flight {unknown}
 r - a potion of cancellation {unknown}
 v - a potion of might {unknown}
 w - a potion of degeneration {unknown}
 B - a potion of curing {unknown}
 D - a potion of invisibility {unknown}
 E - 2 potions of brilliance {unknown}
 F - a potion of mutation {unknown}


   Skills:
 + Level 3.0 Fighting
 + Level 1.6 Short Blades
 + Level 1.6 Long Blades
 + Level 1.6 Axes
 + Level 1.6 Maces & Flails
 + Level 1.6 Polearms
 + Level 1.6 Staves
 + Level 1.6 Slings
 + Level 1.6 Bows
 + Level 1.6 Crossbows
 + Level 1.6 Throwing
 + Level 1.6 Armour
 + Level 4.8 Dodging
 + Level 1.6 Stealth
 + Level 1.6 Shields
 + Level 6.7 Unarmed Combat
 + Level 5.2 Spellcasting
 + Level 1.2 Conjurations
 + Level 1.2 Hexes
 + Level 1.2 Summonings
 + Level 1.2 Necromancy
 + Level 1.2 Translocations
 + Level 4.0 Transmutations
 + Level 1.2 Fire Magic
 + Level 1.2 Ice Magic
 + Level 1.2 Air Magic
 + Level 1.2 Earth Magic
 + Level 1.2 Poison Magic
 + Level 1.8 Invocations
 + Level 1.6 Evocations


You had 9 spell levels left.
You knew the following spells:

 Your Spells              Type           Power      Damage    Failure   Level
a - Beastly Appendage     Tmut           26%        N/A       3%          1
b - Wereblood             Tmut           13%        N/A       5%          2
c - Apportation           Tloc           12%        N/A       11%         1
d - Corona                Hex            6%         N/A       11%         1

Your spell library contained the following spells:

 Spells                   Type           Power      Damage    Failure   Level
 Animate Skeleton         Necr           12%        N/A       11%         1
 Magic Dart               Conj           24%        1d4       11%         1
 Summon Small Mammal      Summ           24%        N/A       11%         1
 Blink                    Tloc           N/A        N/A       16%         2
 Call Imp                 Summ           6%         N/A       16%         2
 Slow                     Hex            6%         N/A       16%         2
 Spider Form              Tmut/Pois      5%         N/A       19%         3
 Conjure Flame            Conj/Fire      6%         6-21      32%         3
 Mephitic Cloud           Conj/Pois/Air  6%         N/A       32%         3
 Ice Form                 Ice/Tmut       10%        N/A       52%         4
 Hydra Form               Tmut           6%         N/A       69%         5


Dungeon Overview and Level Annotations

Branches:
Dungeon (4/15)             Temple (0/1) D:4

Altars:
Kikubaaqudgha
Makhleb
Trog

Annotations:
D:2 Natasha
D:4 Crazy Yiuf


Innate Abilities, Weirdness & Mutations

You have very sharp teeth.
Your uncanny sense of smell can sniff out nearby items.
Your experience applies equally to all skills.


Message History

Found a scroll labelled WAQAIWNYGU.
i - a scroll labelled WAQAIWNYGU You feel a little less agile now.
Found an iron altar of Okawaru.
There is an iron altar of Okawaru here.
A large abomination comes into view.
Found a scroll labelled XAGOTWUXKO.
J - a scroll labelled XAGOTWUXKO
Found a blue potion.
Found a whip.
A large abomination comes into view.
You see here a +0 whip.
A small abomination comes into view.
An ancient zyme comes into view.
You feel yourself growing ill in the presence of the ancient zyme.
You feel ill.
An orange demon comes into view.
The ancient zyme misses you. x2
You feel ill.
You feel ill.
Press: ? - help, v - describe, . - travel The floor.
As you read the scroll labelled ZEUDOAGENK, it crumbles to dust.
It is a scroll of enchant weapon.
Your +0 flail glows red for a moment.
The orange demon screeches!
The orange demon stings you but does no damage.
The ancient zyme hits you! The ancient zyme hits you.
As you read the scroll labelled WAQAIWNYGU, it crumbles to dust.
You feel strangely unstable.
You feel the power of the Abyss delaying your translocation!
It was a scroll of teleportation.
The orange demon stings you from afar.
* * * LOW HITPOINT WARNING * * *
The ancient zyme hits you but does no damage. x2
The orange demon stings you from afar.
* * * LOW HITPOINT WARNING * * *
As you read the scroll labelled MUSCHU JILUT, it crumbles to dust.
Magic quickly surges around you.
It was a scroll of vulnerability.
The orange demon stings you from afar.
You die...

# .. . # .. . #
. .# . . .. .. .
... #. # # # #4
. # . ##.### .#
#. #..@.# # . ..
####x## . ..###
.. #..##4# .#
.##≈# .#..## !
.≈### ≈.# .##.#
#4≈..≈≈.# #
#.#4# ≈. ..≈≈≈≈#
#.#.# .
#.#≈.≈.####.#.##
## ... . ...
........ #


You could see 2 orange demons and an ancient zyme (weak-willed).

Vanquished Creatures
  A bullfrog zombie (D:3)
  Jessica (D:2)
  A howler monkey zombie (D:2)
  An adder (D:2)
  A gnoll (D:3)
  A shadow imp (D:3)
  2 worms (D:2)
  4 dart slugs
  2 orcs
  5 bats
  7 endoplasms
  A giant cockroach (D:1)
  6 goblins
  5 hobgoblins
  6 jackals
  3 quokkas
  4 ball pythons
  4 frilled lizards
  6 kobolds
  5 rats
66 creatures vanquished.

Vanquished Creatures (others)
  A plant (D:3)
1 creature vanquished.

Grand Total: 67 creatures vanquished

Notes
Turn   | Place    | Note
-------+----------+-------------------------------------------
     0 | D:1      | donath the Gnoll Transmuter began the quest for the Orb.
     0 | D:1      | Reached XP level 1. HP: 17/17 MP: 6/6
   361 | D:1      | Reached XP level 2. HP: 23/23 MP: 5/7
   364 | D:1      | Learned a level 2 spell: Wereblood
   599 | D:1      | Reached XP level 3. HP: 28/28 MP: 7/9
   824 | D:1      | Reached skill level 5 in Spellcasting
   985 | D:2      | Found a bloodstained altar of Trog.
  1054 | D:2      | Noticed Jessica
  1070 | D:2      | Killed Jessica
  1071 | D:2      | Reached skill level 1 in Short Blades
  1071 | D:2      | Reached skill level 1 in Long Blades
  1071 | D:2      | Reached skill level 1 in Axes
  1071 | D:2      | Reached skill level 1 in Maces & Flails
  1071 | D:2      | Reached skill level 1 in Polearms
  1071 | D:2      | Reached skill level 1 in Staves
  1071 | D:2      | Reached skill level 1 in Slings
  1071 | D:2      | Reached skill level 1 in Bows
  1071 | D:2      | Reached skill level 1 in Crossbows
  1071 | D:2      | Reached skill level 1 in Throwing
  1071 | D:2      | Reached skill level 1 in Armour
  1071 | D:2      | Reached skill level 1 in Stealth
  1071 | D:2      | Reached skill level 1 in Shields
  1071 | D:2      | Reached skill level 1 in Invocations
  1071 | D:2      | Reached skill level 1 in Evocations
  1085 | D:2      | Reached XP level 4. HP: 15/34 MP: 11/11
  1261 | D:2      | Noticed Natasha
  1807 | D:2      | Reached skill level 1 in Conjurations
  1807 | D:2      | Reached skill level 1 in Hexes
  1807 | D:2      | Reached skill level 1 in Summonings
  1807 | D:2      | Reached skill level 1 in Necromancy
  1807 | D:2      | Reached skill level 1 in Translocations
  1807 | D:2      | Reached skill level 1 in Fire Magic
  1807 | D:2      | Reached skill level 1 in Ice Magic
  1807 | D:2      | Reached skill level 1 in Air Magic
  1807 | D:2      | Reached skill level 1 in Earth Magic
  1807 | D:2      | Reached skill level 1 in Poison Magic
  2088 | D:3      | Reached XP level 5. HP: 8/40 MP: 12/12
  2382 | D:3      | Found an ancient bone altar of Kikubaaqudgha.
  2427 | D:3      | Found a faded altar of an unknown god.
  2462 | D:3      | Became a worshipper of Makhleb the Destroyer
  2462 | D:3      | Reached * piety under Makhleb
  3064 | D:4      | Found a staircase to the Ecumenical Temple.
  3108 | D:4      | Learned a level 1 spell: Apportation
  3110 | D:4      | Learned a level 1 spell: Corona
  3337 | D:4      | Found a runed translucent door.
  3338 | D:4      | Noticed Crazy Yiuf
  3987 | D:4      | Cast into level 1 of the Abyss (Crazy Yiuf)
  3991 | Abyss:1  | Noticed a tentacled starspawn
  4007 | Abyss:1  | Noticed an orange demon
  4030 | Abyss:1  | Found an iron altar of Okawaru.
  4045 | Abyss:1  | Noticed a large abomination
  4074 | Abyss:1  | Noticed a large abomination
  4077 | Abyss:1  | Noticed a small abomination
  4082 | Abyss:1  | Noticed an ancient zyme
  4084 | Abyss:1  | Noticed a large abomination
  4090 | Abyss:1  | Noticed an orange demon
  4097 | Abyss:1  | Slain by an orange demon

Illustrated notes

Levels and vault maps discovered:
D:1:      psy_arrival_dodecagon, layout_loops_ring, minmay_tall_x
D:2:      layout_loops_ring, basic_altar, uniq_natasha, uniq_jessica
D:3:      layout_rooms, old_standard_altar, ebering_ecumenical_altar_mist,
          chequers_serial_rivers_small_3, serial_bayou_pond_b, st_stairs_7
D:4:      layout_rooms, temple_fountains, minmay_pentangle,
          uniq_crazy_yiuf_cottage
Abyss:1:  base: D:1, gammafunk_corrupted_shrine

Skill      XL: |  1  2  3  4  5 |
---------------+----------------+-----
Spellcasting   | 5 |  5.2
Short Blades   | 1 |  1.6
Long Blades    | 1 |  1.6
Axes           | 1 |  1.6
Maces & Flails | 1 |  1.6
Polearms       | 1 |  1.6
Staves         | 1 |  1.6
Slings         | 1 |  1.6
Bows           | 1 |  1.6
Crossbows      | 1 |  1.6
Throwing       | 1 |  1.6
Armour         | 1 |  1.6
Stealth        | 1 |  1.6
Shields        | 1 |  1.6
Invocations    | 1 |  1.8
Evocations     | 1 |  1.6
Conjurations   | 1 |  1.2
Hexes          | 1 |  1.2
Summonings     | 1 |  1.2
Necromancy     | 1 |  1.2
Translocations | 1 |  1.2
Fire Magic     | 1 |  1.2
Ice Magic      | 1 |  1.2
Air Magic      | 1 |  1.2
Earth Magic    | 1 |  1.2
Poison Magic   | 1 |  1.2
Fighting       | 3 |  3.0
Transmutations | 4 |  4.0
Dodging        | |  4.8
Unarmed Combat | |  6.7

Action                   |  1- 3 |  4- 6 || total
-------------------------+-------+-------++-------
Melee: Unarmed           |    34 |       ||    34
       Kick              |     8 |    15 ||    23
       Headbutt          |     1 |    13 ||    14
       Bite              |     4 |     9 ||    13
       Spear             |    22 |    78 ||   100
       Flail             |       |    43 ||    43
       Punch             |       |     4 ||     4
 Cast: Beastly Appendage |     9 |    17 ||    26
       Wereblood         |     4 |     8 ||    12
       Corona            |       |     1 ||     1
  Use: Scroll            |       |     5 ||     5
 Stab: Sleeping          |       |     2 ||     2
       Distracted        |       |     1 ||     1
Armor: Leather armour    |     5 |       ||     5
       Robe              |     1 |    15 ||    16
Dodge: Dodged            |    23 |    81 ||   104

Table legend: (Time is in decaauts)
 A = Elapsed time spent in this place.
 B = Non-inter-level travel time spent in this place.
 C = Inter-level travel time spent in this place.
 D = Time resting spent in this place.
 E = Time spent auto-exploring this place.
 F = Levels seen in this place.
 G = Mean time per level.
                   A        B        C        D        E       F      G
               +--------+--------+--------+--------+--------+-----+--------+
         Total |   4118 |   4062 |     56 |    851 |   1798 |   5 |  823.6 |
       Dungeon |   4008 |   3952 |     56 |    851 |   1798 |   4 | 1002.0 |
         Abyss |    110 |    110 |      0 |      0 |      0 |   1 |  110.0 |
               +--------+--------+--------+--------+--------+-----+--------+

Top non-repeatable levels by time:
     D:2: 1045 daAuts
     D:3: 1042 daAuts
     D:4: 962 daAuts
     D:1: 958 daAuts
 Abyss:1: 110 daAuts
